 Dungeon Crawl Stone Soup version 0.30-a0-116-g3b1a8e4ee4 (webtiles) character file.

Game seed: 5688046440688647697

84 frimble the Vexing (level 4, -9/33 HPs)
             Began as a Demonspawn Hexslinger on Sept 12, 2022.
             Killed from afar by an orc wizard (10 damage)
             ... with a magic dart
             ... on level 3 of the Dungeon.
             The game lasted 00:02:01 (2156 turns).

frimble the Vexing (Demonspawn Hexslinger)          Turns: 2156, Time: 00:02:02

Health: -9/33      AC:  7    Str: 10    XL:     4   Next: 23%
Magic:  6/6        EV: 11    Int: 13    God:
Gold:   96         SH:  0    Dex: 19    Spells: 4/5 levels left

rFire   + . .      SeeInvis .    b - +0 long sword
rCold   . . .      Faith    .    (no shield)
rNeg    . . .      Spirit   .    f - +2 ring mail {rF+}
rPois   .          Reflect  .    (no helmet)
rElec   .          Harm     .    (no cloak)
rCorr   .          Rampage  .    (no gloves)
Will    .....                    (no boots)
Stlth   ..........               (no amulet)
HPRegen 0.11/turn                (no ring)
MPRegen 0.10/turn                (no ring)

@: confused, mighty
A: large bone plates 2, weakness stinger 1, agile 1
a: no special abilities


You were on level 3 of the Dungeon.
You visited 1 branch of the dungeon, and saw 3 of its levels.

You collected 96 gold pieces.

Inventory:

Hand Weapons
 a - a +2 sling
 b - a +0 long sword (weapon)
Armour
 c - a +0 robe
 f - a +2 ring mail of fire resistance (worn)
Scrolls
 e - 3 scrolls of teleportation
 j - a scroll of poison


   Skills:
 + Level 2.0 Fighting
 + Level 0.8 Long Blades
 + Level 2.4 Ranged Weapons
 + Level 1.0 Armour
 - Level 2.1 Dodging
 - Level 1.4 Spellcasting
 - Level 3.2 Hexes


You had 4 spell levels left.
You knew the following spells:

 Your Spells              Type           Power      Damage    Failure   Level
a - Slow                  Hex            36%        N/A       19%         1

Your spell library contained the following spells:

 Spells                   Type           Power      Damage    Failure   Level
 Inner Flame              Hex/Fire       5%         N/A       71%         3
 Portal Projectile        Hex/Tloc       10%        N/A       71%         3
 Cause Fear               Hex            4%         N/A       87%         4
 Ignite Poison            Fire/Tmut/Pois 0%         N/A       90%         3
 Mephitic Cloud           Conj/Pois/Air  0%         N/A       90%         3
 Freezing Cloud           Conj/Ice/Air   0%         6-21      100%        5


Dungeon Overview and Level Annotations

Branches:
Dungeon (3/15)

Altars:


Innate Abilities, Weirdness & Mutations

You are mostly covered in large bone plates. (SH +6)
You have a small tail.
You are agile. (Dex +4, Str/Int -1)


Message History

You closely miss something.
Your tail-slap misses something.
Something hits you.
You closely miss something. Something hits you but does no damage.
Something hits you.
* * * LOW HITPOINT WARNING * * *
You closely miss something. Something hits you but does no damage.
You completely miss something. Something hits you but does no damage.
You miss something. You punch something.
You hear some strange, mumbled words.
You are confused.
Something hits you.
* * * LOW HITPOINT WARNING * * *
You bump into the rock wall.
Something hits you.
* * * LOW HITPOINT WARNING * * *
It was a potion of curing.
You feel better. Something hits you but does no damage.
You miss something. Something hits you but does no damage.
You hit something.
Your tail-slap misses something.
Something hits you.
You hit something but do no damage. Something hits you.
* * * LOW HITPOINT WARNING * * *
You block something's attack.
You closely miss something.
Your tail-slap misses something.
Something hits you but does no damage.
You hit something. Something hits you.
* * * LOW HITPOINT WARNING * * *
You miss something. Something hits you.
* * * LOW HITPOINT WARNING * * *
You hear some strange, mumbled words.
You are confused.
You bump into the rock wall.
You hear some strange, mumbled words.
You are more confused.
It was a potion of might.
You feel very mighty all of a sudden. Something hits you but does no damage.
You're too confused to move!
You hear some strange, mumbled words.
A magic dart appears from out of thin air!
The magic dart hits you!
You die...

... ..
#..###.#
.......##
#........
#........
#........
#####{.......
#...@........
#....††###..
#......#
#......# .
##+##..###...
# #.........
#.##..####..
#...........
####..######


There were no monsters in sight!

Vanquished Creatures
  2 adders
  A worm (D:2)
  A dart slug (D:1)
  3 orcs
  5 endoplasms
  2 giant cockroaches
  4 goblins
  6 hobgoblins
  5 jackals
  3 quokkas
  6 ball pythons
  5 bats
  2 frilled lizards
  3 kobolds (D:2)
  4 rats
52 creatures vanquished.

Notes
Turn   | Place    | Note
-------+----------+-------------------------------------------
     0 | D:1      | frimble the Demonspawn Hexslinger began the quest for the
                  | Orb.
     0 | D:1      | Reached XP level 1. HP: 15/15 MP: 2/2
   134 | D:1      | Gained mutation: You are partially covered in large bone
                  | plates. (SH +4) [demonic ancestry]
   134 | D:1      | Reached XP level 2. HP: 18/21 MP: 3/3
   579 | D:1      | Gained mutation: You are mostly covered in large bone
                  | plates. (SH +6) [demonic ancestry]
   579 | D:1      | Reached XP level 3. HP: 26/26 MP: 5/5
  1730 | D:2      | Gained mutation: You have a small tail. [demonic ancestry]
  1730 | D:2      | Reached XP level 4. HP: 30/33 MP: 6/6
  2133 | D:3      | Reached skill level 1 in Armour
  2139 | D:3      | Gained mutation: You are agile. (Dex +4, Str/Int -1)
                  | [potion of mutation]
  2153 | D:3      | HP: 1/33 [something (4)]
  2156 | D:3      | Killed from afar by an orc wizard

Illustrated notes

Levels and vault maps discovered:
D:1:      minmay_arrival_split_and_join, layout_loops_ring, minmay_liquid_box
D:2:      layout_loops_ring, kennysheep_generic_room_6
D:3:      layout_basic, ebering_ecumenical_altar_box

Skill      XL: |  1  2  3  4 |
---------------+-------------+-----
Ranged Weapons | 2 |  2.4
Dodging        | 2 |  2.1
Fighting       | 2 |  2.0
Armour         | 1 |  1.0
Long Blades    | |  0.8
Spellcasting   | |  1.4
Hexes          | |  3.2

Action                   |  1- 3 |  4- 6 || total
-------------------------+-------+-------++-------
Melee: Long sword        |    33 |    30 ||    63
       Tailslap          |       |     1 ||     1
       Punch             |       |     1 ||     1
 Fire: Sling             |    98 |     4 ||   102
  Use: Scroll            |       |     4 ||     4
       Potion            |       |     3 ||     3
Armor: Robe              |     4 |       ||     4
       Ring mail         |    16 |    19 ||    35
Dodge: Dodged            |    48 |     6 ||    54
Block: Other             |    17 |     4 ||    21

Table legend: (Time is in decaauts)
 A = Elapsed time spent in this place.
 B = Non-inter-level travel time spent in this place.
 C = Inter-level travel time spent in this place.
 D = Time resting spent in this place.
 E = Time spent auto-exploring this place.
 F = Levels seen in this place.
 G = Mean time per level.
                   A        B        C        D        E       F      G
               +--------+--------+--------+--------+--------+-----+--------+
         Total |   2218 |   2036 |    182 |      0 |   1693 |   3 |  739.3 |
       Dungeon |   2218 |   2036 |    182 |      0 |   1693 |   3 |  739.3 |
               +--------+--------+--------+--------+--------+-----+--------+

Top non-repeatable levels by time:
     D:1: 1173 daAuts
     D:2: 939 daAuts
     D:3: 104 daAuts
